 Dungeon Crawl Stone Soup version 0.26-a0-639-g72c4674329 (webtiles) character file.

Game seed: 16239433094023691114

12474 Borgoz the Fighter (level 11, -3/109 HPs)
             Began as a Gargoyle Berserker on Sept 19, 2020.
             Was a Priest of Trog.
             Killed by divine providence
             ... invoked by an orc priest
              (17 damage)
             ... on level 11 of the Dungeon.
             The game lasted 00:14:29 (10586 turns).

Borgoz the Fighter (Gargoyle Berserker)            Turns: 10586, Time: 00:14:29

Health: -3/109     AC: 24    Str: 23    XL:     11   Next: 93%
Magic:  11/11      EV: 14    Int:  9    God:    Trog [***...]
Gold:   713        SH:  5    Dex: 12    Spells: 10/10 levels left

rFire    + . .     SeeInvis +   a - +8 mace of Conservatism {holy, rF+ SInv}
rCold    . . .     Faith    .   (no shield)
rNeg     + . .     Spirit   .   u - +0 scale mail
rPois    ∞         Reflect  +   z - +2 helmet
rElec    +         Harm     .   J - scarf {repulsion}
rCorr    .         Rampage  .   e - +1 pair of gloves {Str+3}
MR       .....                  i - +0 pair of boots
Stlth    ..........             c - amulet of reflection
HPRegen  0.28/turn              (no ring)
MPRegen  0.12/turn              (no ring)

@: berserking, repel missiles, very quick
A: negative energy resistance 1, electricity resistance, unbreathing,
petrification resistance, rot immunity, AC +8
a: Berserk, Trog's Hand, Renounce Religion


You were on level 11 of the Dungeon.
You worshipped Trog.
Trog was most pleased with you.
You visited 1 branch of the dungeon, and saw 11 of its levels.

You collected 713 gold pieces.

Inventory:

Hand Weapons
 a - the +8 mace of Conservatism (weapon) {holy, rF+ SInv}
   (You found it on level 7 of the Dungeon)

   It has been blessed by the Shining One to cause great damage to the undead
   and demons.
   It protects you from fire.
   It lets you see invisible.
 p - a +1 dire flail of holy wrath
 C - a +2 antimagic great mace
Missiles
 D - 3 throwing nets (quivered)
Armour
 e - a +1 pair of gloves of strength (worn)
 i - a +0 pair of boots (worn)
 u - a +0 scale mail (worn)
 z - a +2 helmet (worn)
 J - a scarf of repulsion (worn)
Jewellery
 c - an amulet of reflection (around neck)
 A - an uncursed amulet of faith
Wands
 t - a wand of iceblast (16)
 v - a wand of flame (46)
 w - a wand of paralysis (7)
 E - a wand of disintegration (24)
 G - a wand of digging (6)
Scrolls
 b - 2 scrolls of fear {unknown}
 g - 2 scrolls of blinking
 k - 5 scrolls of remove curse
 l - a scroll of random uselessness {unknown}
 m - 5 scrolls of teleportation
 q - 3 scrolls of enchant weapon {unknown}
 x - a scroll of magic mapping {unknown}
 y - 4 scrolls of enchant armour {unknown}
 B - 3 scrolls of fog {unknown}
Potions
 d - a potion of mutation
 f - 2 potions of flight
 h - 7 potions of haste
 j - a potion of invisibility
 n - 4 potions of curing
 o - a potion of might
 r - 2 potions of resistance
 s - a potion of degeneration {unknown}
 F - 3 potions of heal wounds
 H - 3 potions of stabbing {unknown}
 I - a potion of magic


   Skills:
 + Level 10.7 Fighting
 + Level 10.0 Maces & Flails
 + Level 10.4 Armour
 + Level 8.1 Dodging


You had 10 spell levels left.
You didn't know any spells.
Your spell library was empty.

Dungeon Overview and Level Annotations

Branches:
Dungeon (11/15)            Temple (0/1) D:5            Lair (0/6) D:8
    Orc: D:9-12

Altars:
Ashenzari
Cheibriados
Dithmenos
Elyvilon
Fedhas
Hepliaklqana
Kikubaaqudgha
Qazlal
Ru
Trog
Wu Jian
Yredelemnul
Zin

Shops:
D:8 =


Innate Abilities, Weirdness & Mutations

You are resistant to torment.
Your stone body is resilient. (AC +8)
You are immune to poison.
You resist negative energy. (rN+)
You are resistant to electric shocks. (rElec)
You can survive without breathing.
You are immune to petrification.
You are immune to rotting.


Message History

The deep elf mage hits you but does no damage.
You block the chaos spawn's attack.
You closely miss the deep elf mage.
The deep elf mage is heavily wounded.
The deep elf mage hits you but does no damage.
The orc priest mumbles some strange prayers to Beogh against you.
Beogh smites you!
* * * LOW HITPOINT WARNING * * *
The deep elf mage mumbles some strange words.
The ice beast hits you but does no damage.
The deep elf mage hits you with a +0 rapier.
* * * LOW HITPOINT WARNING * * *
You sock the deep elf mage!
The deep elf mage is almost dead.
The chaos spawn hits you but does no damage.
The deep elf mage hits you but does no damage.
The deep elf mage gestures wildly while chanting.
The orc priest mumbles some strange prayers to Beogh against you.
Beogh smites you!
You die...

... .... ..o
###...##.## #.....#.o.#
#.....#eoo# #.....#eeo#
########.....#4ee# #
#............##@##)...
#.............Yee.E....
#.........?....E.E.....
#.............e..e.E...
#...(........#.........
#............#...+.....
#####........#...#.....
#...#........#...#.....
#...#........#...# ..


You could see 9 deep elf magi, 4 fire elementals, a chaos spawn (summoned), an
orc warrior, an ice beast (summoned), 2 orc priests, an orc wizard (invisible)
and an orc.

Vanquished Creatures
  Harold (D:7)
  A two-headed ogre (D:8)
  An unseen horror (D:8)
  A deep elf mage (D:11)
  2 cyclopes (D:11)
  An ugly thing (D:8)
  Maurice (D:9)
  2 centaur zombies
  A gargoyle (D:10)
  A troll (D:9)
  Prince Ribbit (D:7)
  A hippogriff (D:8)
  Sigmund (D:5)
  2 wyverns
  A shadow (D:10)
  9 yaks
  A basilisk (D:8)
  A steam dragon (D:9)
  Menkaure (D:7)
  Edmund (D:6)
  4 porcupines (D:8)
  5 phantoms
  A sky beast (D:9)
  2 ogres
  An ice beast (D:11)
  3 centaurs
  A big kobold (D:9)
  4 crocodiles (D:8)
  3 bullfrogs
  A wyvern skeleton (D:11)
  A scorpion (D:9)
  15 killer bees
  A water moccasin skeleton (D:7)
  16 wights
  4 howler monkeys
  5 hounds
  A quasit (D:5)
  5 jellies
  Crazy Yiuf (D:7)
  3 orc priests
  5 bullfrog skeletons
  A centaur skeleton (D:9)
  Jessica (D:3)
  6 orc wizards
  4 iguanas
  6 worker ants
  2 killer bee zombies
  2 worker ant zombies
  A howler monkey skeleton (D:7)
  8 adders
  3 shadow imps
  2 white imps
  2 ufetubi (D:5)
  An ooze (D:3)
  4 worms
  5 dart slugs
  6 leopard geckos
  22 orcs
  5 giant cockroaches
  6 goblins
  11 hobgoblins
  9 jackals (D:1)
  7 quokkas
  2 ball pythons (D:1)
  8 bats
  16 frilled lizards
  A jackal skeleton (D:4)
  14 kobolds
  A leopard gecko skeleton (D:8)
  A quokka skeleton (D:9)
  11 rats
281 creatures vanquished.

Vanquished Creatures (collateral kills)
  A leopard gecko (D:7)
1 creature vanquished.

Vanquished Creatures (others)
  A killer bee (D:10)
  A quokka (D:4)
  2 fungi (D:8)
  24 plants (D:8)
28 creatures vanquished.

Grand Total: 310 creatures vanquished

Notes
Turn   | Place    | Note
-------+----------+-------------------------------------------
     0 | D:1      | Borgoz the Gargoyle Berserker began the quest for the Orb.
     0 | D:1      | Reached XP level 1. HP: 14/14 MP: 1/1
   100 | D:1      | Reached XP level 2. HP: 14/19 MP: 2/2
   340 | D:1      | Reached ** piety under Trog
   340 | D:1      | Reached XP level 3. HP: 23/23 MP: 3/3
  1062 | D:2      | Reached XP level 4. HP: 26/29 MP: 4/4
  2098 | D:3      | Noticed Jessica
  2108 | D:3      | Killed Jessica
  2180 | D:3      | Reached *** piety under Trog
  2180 | D:3      | Reached XP level 5. HP: 31/33 MP: 5/5
  2256 | D:3      | Found a snail-covered altar of Cheibriados.
  2382 | D:3      | Found a basalt altar of Yredelemnul.
  2410 | D:3      | Found a stormy altar of Qazlal.
  2411 | D:3      | Found a blossoming altar of Fedhas.
  2541 | D:3      | Found a shattered altar of Ashenzari.
  3239 | D:4      | Found a white marble altar of Elyvilon.
  3266 | D:4      | Noticed a phantom
  3279 | D:4      | Noticed a phantom
  3309 | D:4      | Killed a phantom
  3309 | D:4      | Reached XP level 6. HP: 26/39 MP: 6/6
  3320 | D:4      | Killed a phantom
  3520 | D:4      | Noticed a phantom
  3546 | D:4      | Killed a phantom
  3546 | D:4      | Reached skill level 5 in Fighting
  3546 | D:4      | Reached XP level 7. HP: 34/44 MP: 7/7
  3725 | D:4      | Noticed a moth of wrath
  3728 | D:4      | Found a bloodstained altar of Trog.
  3768 | D:4      | Got a pitted dagger
  3769 | D:4      | Identified the cursed +1 dagger "Gitruwimuo" {vorpal,
                  | *Corrode rF+ rC+} (You found it on level 4 of the Dungeon)
  4168 | D:5      | Entered Level 5 of the Dungeon
  4168 | D:5      | Noticed Sigmund
  4181 | D:5      | Killed Sigmund
  4181 | D:5      | Reached skill level 5 in Maces & Flails
  4386 | D:5      | Reached skill level 5 in Armour
  4493 | D:5      | Found a staircase to the Ecumenical Temple.
  4572 | D:5      | Reached **** piety under Trog
  4572 | D:5      | Reached XP level 8. HP: 51/51 MP: 8/8
  5103 | D:6      | Noticed Edmund
  5120 | D:6      | Killed Edmund
  5645 | D:7      | Noticed Harold
  5664 | D:7      | Killed Harold
  5664 | D:7      | Reached skill level 5 in Dodging
  5664 | D:7      | Reached XP level 9. HP: 57/57 MP: 9/9
  6108 | D:7      | Reached XP level 10. HP: 64/64 MP: 10/10
  6339 | D:7      | Noticed Prince Ribbit
  6361 | D:7      | Noticed Menkaure
  6369 | D:7      | Killed Menkaure
  6478 | D:7      | Found a runed translucent door.
  6479 | D:7      | Noticed Crazy Yiuf
  6557 | D:7      | Killed Prince Ribbit
  6857 | D:7      | Killed Crazy Yiuf
  6863 | D:7      | Got a crude mace
  6874 | D:7      | Identified the +8 mace of Conservatism {holy, rF+ SInv}
                  | (You found it on level 7 of the Dungeon)
  6913 | D:8      | Found Sicu's Jewellery Shop.
  6975 | D:8      | Noticed an unseen horror
  6990 | D:8      | Killed an unseen horror
  7172 | D:8      | Noticed a red ugly thing
  7180 | D:8      | Killed a red ugly thing
  7400 | D:8      | Found a staircase to the Lair.
  7582 | D:8      | Noticed a two-headed ogre
  7590 | D:8      | Killed a two-headed ogre
  7590 | D:8      | Reached XP level 11. HP: 72/72 MP: 11/11
  8143 | D:8      | Found a glowing silver altar of Zin.
  8146 | D:8      | Found a sacrificial altar of Ru.
  8151 | D:8      | Found a hazy altar of Hepliaklqana.
  8152 | D:8      | Found a shadowy altar of Dithmenos.
  8153 | D:8      | Found an ornate altar of the Wu Jian Council.
  8154 | D:8      | Found an ancient bone altar of Kikubaaqudgha.
  8208 | D:9      | Reached ***** piety under Trog
  8575 | D:9      | Reached skill level 10 in Fighting
  8588 | D:9      | Noticed Maurice
  8601 | D:9      | Killed Maurice
  9330 | D:10     | Entered Level 10 of the Dungeon
  9414 | D:10     | Reached skill level 10 in Armour
  9430 | D:10     | Received a gift from Trog
 10325 | D:11     | Noticed a cyclops
 10337 | D:11     | Killed a cyclops
 10463 | D:11     | Noticed a cyclops
 10474 | D:11     | Killed a cyclops
 10573 | D:11     | Noticed a deep elf mage
 10573 | D:11     | Noticed a deep elf mage
 10573 | D:11     | Noticed a deep elf mage
 10573 | D:11     | Noticed a deep elf mage
 10573 | D:11     | Noticed a deep elf mage
 10573 | D:11     | Noticed a deep elf mage
 10573 | D:11     | Noticed a deep elf mage
 10574 | D:11     | Noticed a deep elf mage
 10574 | D:11     | Noticed a deep elf mage
 10574 | D:11     | Noticed a deep elf mage
 10581 | D:11     | Killed a deep elf mage
 10581 | D:11     | Reached skill level 10 in Maces & Flails
 10586 | D:11     | Killed from afar by an orc priest

Illustrated notes

Levels and vault maps discovered:
D:1:      dpeg_arrival_water_fire, layout_rooms, serial_corexii_hall,
          corexii_hall_statues_u, corexii_hall_statues_l, minmay_lizard_pond
D:2:      layout_loops_ring
D:3:      layout_loops_ring, grunt_temple_overflow_forces_of_nature,
          evilmike_ruin_ashenzari, cheibriados_altar_1,
          nicolae_overflow_crystal_walls, patterned_corridor, uniq_jessica
D:4:      layout_basic, tgw_trog, elyvilon_altar_4
D:5:      layout_rooms, minmay_temple_entry_nine_rooms,
          minmay_misc_feat_hallway, uniq_sigmund
D:6:      layout_loops_ring, uniq_edmund
D:7:      layout_gridville, uniq_menkaure, uniq_prince_ribbit1,
          uniq_crazy_yiuf_cottage, uniq_harold
D:8:      layout_loops_ring, minitemple, minmay_lair_entry_grove, serial_shops,
          shop, wad_mini_maze
D:9:      layout_loops_ring, uniq_maurice
D:10:     layout_irregular_city, grunt_ministairs_10
D:11:     layout_grid_maze, elves_outpost_lemuel

Skill      XL: |  1  2  3  4  5  6  7  8  9 10 11 |
---------------+----------------------------------+-----
Dodging        | 2 3 5 7 8 |  8.1
Armour         | 3 4 5 6 7 9 10 | 10.4
Fighting       | 4 5 7 8 9 10 | 10.7
Maces & Flails | 4 5 6 7 8 10 | 10.0

Action                   |  1- 3 |  4- 6 |  7- 9 | 10-12 || total
-------------------------+-------+-------+-------+-------++-------
Melee: Mace              |   158 |   211 |    85 |   386 ||   840
       Flail             |       |       |   105 |       ||   105
       Dire flail        |       |       |   107 |    61 ||   168
Invok: Berserk           |     2 |     1 |     5 |    10 ||    18
       Trog's Hand       |     1 |     1 |     3 |     3 ||     8
       Brothers in Arms  |       |       |       |     1 ||     1
Evoke: Wand              |       |       |       |     4 ||     4
  Use: Potion            |     2 |       |       |       ||     2
       Scroll            |       |     6 |     8 |     3 ||    17
 Stab: Sleeping          |       |     1 |       |       ||     1
       Paralysed         |       |       |       |     2 ||     2
Armor: Animal skin       |   109 |    40 |       |       ||   149
       Ring mail         |       |    42 |   131 |       ||   173
       Scale mail        |       |       |    45 |   270 ||   315
Dodge: Dodged            |   186 |   102 |   224 |   347 ||   859
       Repelled          |       |       |       |     4 ||     4
Block: Other             |       |    38 |    71 |    30 ||   139
       Reflection        |       |       |       |     1 ||     1

Table legend: (Time is in decaauts)
 A = Elapsed time spent in this place.
 B = Non-inter-level travel time spent in this place.
 C = Inter-level travel time spent in this place.
 D = Time resting spent in this place.
 E = Time spent auto-exploring this place.
 F = Levels seen in this place.
 G = Mean time per level.
                   A        B        C        D        E       F      G
               +--------+--------+--------+--------+--------+-----+--------+
         Total |  10788 |  10489 |    299 |    824 |   7472 |  11 |  980.7 |
       Dungeon |  10788 |  10489 |    299 |    824 |   7472 |  11 |  980.7 |
               +--------+--------+--------+--------+--------+-----+--------+

Top non-repeatable levels by time:
     D:8: 1331 daAuts
     D:7: 1307 daAuts
     D:4: 1285 daAuts
     D:9: 1121 daAuts
     D:1: 1082 daAuts
     D:2: 1060 daAuts
    D:10: 922 daAuts
     D:6: 902 daAuts
     D:3: 844 daAuts
     D:5: 595 daAuts
    D:11: 335 daAuts
